 Dungeon Crawl Stone Soup version 0.20.0-15-g7f486f2 (webtiles) character file.

10458 spacegravy the Basher (level 11, -3/145 HPs)
             Began as a Hill Orc Fighter on June 14, 2017.
             Was a Priest of Makhleb.
             Slain by a seven-headed hydra (9 damage)
             ... on level 11 of the Dungeon.
             The game lasted 00:40:56 (11323 turns).

spacegravy the Basher (Hill Orc Fighter)           Turns: 11323, Time: 00:40:57

Health: -3/145     AC: 25    Str: 21    XL:     11   Next: 62%
Magic:  17/17      EV:  2    Int: 11    God:    Makhleb [***...]
Gold:   668        SH: 12    Dex: 15    Spells: 10/10 levels left

rFire    . . .     SeeInvis .   K - +8 mace of Ujanaosch {holy, +Blink Int+3}
rCold    . . .     Gourm    .   c - +0 shield
rNeg     + + +     Faith    .   (armour currently unavailable)
rPois    +         Spirit   .   (helmet currently unavailable)
rElec    .         Reflect  .   (cloak currently unavailable)
rCorr    .         Harm     .   (gloves currently unavailable)
MR       +....     NoTele   +   (boots currently unavailable)
Stlth    +.........             L - amulet of Apnesifo {Regen+ Dex+3 Slay+6}
Regen    0.8/turn               g - ring of protection from magic
MPRegen  0.2/turn               r - ring of positive energy

@: tree-form, barbed spikes
A: agile 1, weak 1
a: Minor Destruction, Lesser Servant of Makhleb, Renounce Religion, Evoke Blink


You were on level 11 of the Dungeon.
You worshipped Makhleb.
Makhleb was most pleased with you.
You were not hungry.
You were a tree.
You visited 2 branches of the dungeon, and saw 12 of its levels.
You also visited: Bailey.

You collected 668 gold pieces.


Innate Abilities, Weirdness & Mutations

You are agile. (Dex +2)
You are weak. (Str -2)


   Skills:
 + Level 9.5 Fighting
 * Level 11.7 Maces & Flails
 + Level 9.0 Armour
 + Level 9.3 Shields
 + Level 8.0 Invocations


You had 10 spell levels left.
You didn't know any spells.

Inventory:

Hand Weapons
 K - the +8 mace of Ujanaosch (weapon) {holy, +Blink Int+3}

   It has been blessed by the Shining One to cause great damage to the undead
   and demons.
   It affects your intelligence (+3).
   It lets you blink.
 P - a +1 morningstar of freezing
Missiles
 b - a throwing net {=f}
Armour
 c - a +0 shield (worn)
 d - a +0 pair of boots (melded)
 s - a +0 plate armour
 S - a +0 helmet of intelligence (melded)
 T - the +6 chain mail of Uskayaw's Supremacy (melded) {*Slow rC++ rCorr SInv}

   It greatly protects you from cold.
   It lets you see invisible.
   It protects you from acid and corrosion.
   It may slow you when you take damage.
Jewellery
 g - a ring of protection from magic (left branch)
 r - a ring of positive energy (right branch)
 z - an uncursed ring of protection from cold
 E - a +2 ring of dexterity
 L - the amulet of Apnesifo (around neck) {Regen+ Dex+3 Slay+6}

   [amulet of regeneration]

   It affects your dexterity (+3).
   It affects your accuracy and damage with ranged weapons and melee attacks
   (+6).
   It increases your rate of regeneration.
Wands
 m - a wand of lightning (6/15)
Scrolls
 e - 7 scrolls of remove curse
 h - 13 scrolls of identify {unknown}
 j - 4 scrolls of amnesia {unknown}
 k - a scroll of fog {unknown}
 n - 4 scrolls of teleportation {unknown}
 q - 3 scrolls of magic mapping {unknown}
 w - 4 scrolls of enchant armour {unknown}
 y - a scroll of recharging {unknown}
 A - 2 scrolls of blinking {unknown}
 F - 2 scrolls of fear {unknown}
 G - a scroll of random uselessness {unknown}
 M - a scroll of vulnerability {unknown}
 R - a scroll of noise {unknown}
 X - a scroll of acquirement
 Y - a scroll of enchant weapon {unknown}
Potions
 i - 2 potions of brilliance
 o - 4 potions of curing {@q1}
 p - 2 potions of agility
 t - 2 potions of heal wounds {unknown}
 u - a potion of lignification {!q}
 x - 2 potions of haste {unknown}
 B - a potion of berserk rage {unknown}
 C - 2 potions of magic
 D - 2 potions of flight
 I - 2 potions of resistance {unknown}
 J - a potion of degeneration {unknown}
 N - 3 potions of mutation {!q}
 Q - a potion of invisibility {unknown}
 U - a potion of cancellation {unknown}
 V - 2 potions of ambrosia {unknown}
Books
 a - a book of Debilitation

   Spells                             Type                      Level
   a - Corona                         Hexes                        1
   b - Slow                           Hexes                        2
   c - Inner Flame                    Hexes/Fire                   3
   d - Portal Projectile              Hexes/Translocation          3
   e - Cause Fear                     Hexes                        4
   f - Leda's Liquefaction            Hexes/Earth                  4
 H - a book of Changes

   Spells                             Type                      Level
   a - Beastly Appendage              Transmutation                1
   b - Sticks to Snakes               Transmutation                2
   c - Spider Form                    Transmutation/Poison         3
   d - Ice Form                       Ice/Transmutation            4
   e - Blade Hands                    Transmutation                5
Comestibles
 f - 5 bread rations
 l - 5 royal jellies
 v - 4 meat rations
 O - 3 fruits

Dungeon Overview and Level Annotations

Branches:
Dungeon (11/15)            Temple (1/1) D:4             Orc (0/2) D:11
   Lair: D:8-11

Altars:
Ashenzari
Cheibriados
Dithmenos
Elyvilon
Fedhas
Gozag
Hepliaklqana
Kikubaaqudgha
Makhleb
Nemelex Xobeh
Okawaru
Qazlal
Ru
Sif Muna
Trog
Uskayaw
Vehumet
Xom
Yredelemnul
Zin
The Shining One
Lugonu

Shops:
D:4 }   D:7 *   D:10 *

Annotations:
D:4 Natasha
D:5 Dowan, Duvessa

▒.▒ ▒▒▒ .▒ ▒.▒ ▒▒▒▒.▒
▒.▒ ▒▒PPPP.▒▒
▒▒▒▒▒▒.▒▒▒▒▒.≈P≈≈≈P▒
.............P≈≈♣≈≈P.
.........▒▒..P≈♣♣ .
▒▒▒▒▒▒▒▒'▒▒.≈≈♣♣
..▒....H5.▒..≈♣♣
.......J♣5▒.P≈≈♣ ≈▒
.......TDV.P≈≈≈♣♣♣≈≈.
.▒....†.....≈≈≈≈≈P≈
▒.o.........▒.PP≈▒
..............▒▒▒▒.▒▒▒
..............▒▒.....+
▒..............▒.▒..▒
o..▒▒▒▒▒▒▒...▒......▒
... ▒▒▒▒▒).)...▒


You could see a seven-headed hydra, a manticore, a troll, a vampire, an orc
warrior, a jelly and 2 crimson imps.


Message History

You block the seven-headed hydra's attack.
The seven-headed hydra bites you but does no damage.
The bullfrog burns!
The bullfrog snags a nearby moth with its tongue.
The jelly hits you but does no damage.
The vampire hits you but does no damage.
You block the vampire's attack.
The crimson imp hits you but does no damage.
You block the manticore's attack. The manticore claws you.
* * * LOW HITPOINT WARNING * * *
You block the manticore's attack.
The seven-headed hydra barely misses you.
The seven-headed hydra bites you but does no damage. x5
The seven-headed hydra bites you.
* * * LOW HITPOINT WARNING * * *
The bullfrog hits you.
* * * LOW HITPOINT WARNING * * *
The bullfrog burns!
The bullfrog dies!
Makhleb accepts your kill. The jelly hits you but does no damage.
The vampire hits you!
* * * LOW HITPOINT WARNING * * *
The vampire bites you but does no damage.
You block the crimson imp's attack. You block the manticore's attack. x2
The manticore claws you but does no damage.
The seven-headed hydra bites you.
* * * LOW HITPOINT WARNING * * *
The seven-headed hydra completely misses you.
The seven-headed hydra bites you!
You die...

Action                   |  1- 3 |  4- 6 |  7- 9 | 10-12 || total
-------------------------+-------+-------+-------+-------++-------
Melee: Flail             |   115 |    37 |       |       ||   152
       Mace              |       |   179 |   338 |   382 ||   899
Invok: Lesser Servant of |       |       |       |     5 ||     5
       Minor Destruction |       |       |       |     3 ||     3
 Abil: Evoke Blink       |       |       |       |     2 ||     2
  Use: Potion            |       |     2 |     1 |     8 ||    11
       Scroll            |       |       |       |     1 ||     1
  Eat: Chunk             |     1 |     7 |    14 |     9 ||    31
       Fruit             |       |       |     1 |       ||     1
       Meat ration       |       |       |       |     1 ||     1
Armor: Scale mail        |    51 |       |       |       ||    51
       Plate armour      |       |   136 |   184 |    81 ||   401
       Chain mail        |       |       |       |   107 ||   107
       Skin              |       |       |       |    23 ||    23
Dodge: Dodged            |    40 |    26 |    46 |    77 ||   189
Block: Shield            |    53 |   109 |   189 |   238 ||   589

Vault maps used:
D:1:      roderic_octagonal_star, minmay_pentomino_s2
D:2:      minmay_diamond_boxcup, overflow_temple_1_default,
          lemuel_zombie_altar_yredelemnul, fiery_altar_vehumet, first_bread,
          minmay_misc_feat_iff
D:3:      nicolae_dithmenos_shadow_blocks, serial_corexii_hall,
          corexii_hall_statues_x, corexii_hall_statues_s
D:4:      lemuel_doored_altar, nicolae_tso_carved_into_rock,
          minmay_temple_entry_grid, serial_shops, kennysheep_little_box,
          uniq_sigmund, uniq_natasha, uniq_grinder
D:5:      lemuel_coloured_pillars_altar, serial_bayou_pond_c, water_maze_lemuel,
          uniq_duvessa
D:7:      kennysheep_spiral_hall, grunt_temple_overflow_growth_and_decay,
          lemuel_round_altar, kennysheep_mini_moat, serial_shops, shop
D:8:      dancing_weapons_uskayaw
D:9:      grunt_qazlal_sundering
D:10:     serial_shops, nicolae_shop_overgrown_old_shop
D:11:     cheibrodos_fzero, lair_entry_dummy, zombieorc2_lemuel, enter_bailey_2,
          serial_bayou_pond_c, kennysheep_dice
Temple:   corrupted_temple
Bailey:   bailey_axe_of_yendor_kennysheep, bailey

Notes
Turn   | Place    | Note
-------+----------+-------------------------------------------
     0 | D:1      | spacegravy the Hill Orc Fighter began the quest for the Orb.
     0 | D:1      | Reached XP level 1. HP: 19/19 MP: 1/1
    73 | D:1      | Reached XP level 2. HP: 27/27 MP: 2/2
   380 | D:1      | Reached XP level 3. HP: 31/33 MP: 3/3
   641 | D:1      | Reached skill level 4 in Shields
   767 | D:2      | Found a radiant altar of Vehumet.
   785 | D:2      | Found a sacrificial altar of Ru.
  1036 | D:2      | Reached skill level 3 in Maces & Flails
  1036 | D:2      | Reached XP level 4. HP: 40/40 MP: 4/4
  1274 | D:1      | Reached skill level 4 in Armour
  1728 | D:2      | Found a basalt altar of Yredelemnul.
  1762 | D:2      | Reached skill level 4 in Fighting
  1868 | D:2      | Reached XP level 5. HP: 46/46 MP: 5/5
  2178 | D:3      | Reached skill level 4 in Maces & Flails
  2337 | D:3      | Found a shadowy altar of Dithmenos.
  2574 | D:3      | Reached XP level 6. HP: 49/52 MP: 6/6
  2986 | D:4      | Noticed Sigmund
  3037 | D:4      | Found a staircase to the Ecumenical Temple.
  3070 | Temple   | Entered the Ecumenical Temple
  3156 | D:4      | Killed Sigmund
  3156 | D:4      | Reached skill level 5 in Maces & Flails
  3156 | D:4      | Reached XP level 7. HP: 37/60 MP: 7/7
  3720 | D:4      | Found a glowing golden altar of the Shining One.
  3747 | D:4      | Reached skill level 5 in Armour
  3747 | D:4      | Reached skill level 5 in Shields
  3801 | D:4      | Found Haore's Gadget Emporium.
  3879 | D:4      | Found a bloodstained altar of Trog.
  3908 | D:4      | Reached skill level 5 in Fighting
  4101 | D:4      | Noticed Grinder
  4111 | D:4      | Killed Grinder
  4111 | D:4      | Reached skill level 6 in Maces & Flails
  4219 | D:4      | Noticed Natasha
  4237 | D:4      | Killed Natasha
  4465 | D:4      | Noticed Natasha
  4504 | D:5      | Entered Level 5 of the Dungeon
  4516 | D:5      | Reached XP level 8. HP: 65/69 MP: 8/8
  4816 | D:5      | Found a burning altar of Makhleb.
  4828 | D:5      | Became a worshipper of Makhleb the Destroyer
  4879 | D:5      | Reached skill level 6 in Shields
  5267 | D:5      | Reached skill level 7 in Maces & Flails
  5267 | D:5      | Reached skill level 6 in Armour
  5390 | D:5      | Reached skill level 6 in Fighting
  5433 | D:5      | Noticed Duvessa
  5434 | D:5      | Noticed Dowan
  5450 | D:4      | Reached skill level 1 in Invocations
  6149 | D:6      | Got an ivory mace
  6151 | D:6      | Identified the +8 mace of Ujanaosch {holy, +Blink Int+3} (You found it on level 6 of the Dungeon)
  6232 | D:6      | Reached skill level 2 in Invocations
  6258 | D:6      | Reached XP level 9. HP: 78/78 MP: 10/10
  6274 | D:6      | Reached skill level 8 in Maces & Flails
  6469 | D:6      | Got a twitching jade amulet
  6470 | D:6      | Identified the amulet of Apnesifo {Regen+ Dex+3 Slay+6} (You found it on level 6 of the Dungeon)
  6674 | D:6      | Reached skill level 3 in Invocations
  6737 | D:6      | Reached skill level 7 in Fighting
  6970 | D:7      | Noticed ThereIsNoGod's ghost (novice SpEE)
  6980 | D:7      | Killed ThereIsNoGod's ghost
  6980 | D:7      | Reached skill level 7 in Shields
  6982 | D:7      | Reached skill level 4 in Invocations
  7051 | D:7      | Found Jomej's Assorted Antiques.
  7109 | D:7      | Reached skill level 7 in Armour
  7284 | D:7      | Found a snail-covered altar of Cheibriados.
  7301 | D:7      | Reached skill level 9 in Maces & Flails
  7316 | D:7      | Found an iron altar of Okawaru.
  7570 | D:7      | Found an ancient bone altar of Kikubaaqudgha.
  7571 | D:7      | Found a blossoming altar of Fedhas.
  7688 | D:8      | Found a hide-covered altar of Uskayaw.
  7688 | D:8      | Noticed a hand axe
  7688 | D:8      | Noticed a dagger
  7698 | D:8      | Noticed a five-headed hydra
  7708 | D:8      | Killed a five-headed hydra
  7708 | D:8      | Reached skill level 5 in Invocations
  7708 | D:8      | Reached XP level 10. HP: 41/88 MP: 13/13
  7996 | D:8      | Reached * piety under Makhleb
  8096 | D:8      | Noticed Fingolfin's ghost (novice NaWz)
  8104 | D:8      | Killed Fingolfin's ghost
  8104 | D:8      | Reached skill level 8 in Fighting
  8104 | D:8      | Reached skill level 10 in Maces & Flails
  8104 | D:8      | Reached skill level 8 in Shields
  8138 | D:8      | Reached skill level 6 in Invocations
  8537 | D:9      | Reached skill level 8 in Armour
  8830 | D:9      | Noticed a two-headed ogre
  9012 | D:9      | Killed a two-headed ogre
  9235 | D:9      | Found a stormy altar of Qazlal.
  9498 | D:10     | Entered Level 10 of the Dungeon
  9574 | D:10     | Reached XP level 11. HP: 95/95 MP: 16/16
  9585 | D:10     | Found Mistrof's Assorted Antiques.
  9682 | D:10     | Reached skill level 7 in Invocations
  9893 | D:10     | Reached ** piety under Makhleb
  9974 | D:10     | Reached skill level 11 in Maces & Flails
 10122 | D:10     | Reached skill level 9 in Fighting
 10437 | D:11     | Got a slimy chain mail
 10448 | D:11     | Identified the +6 chain mail of Uskayaw's Supremacy {*Slow rC++ rCorr SInv} (You found it on level 11 of the Dungeon)
 10476 | D:11     | Found a flagged portal.
 10505 | D:11     | Reached skill level 9 in Shields
 10538 | Bailey   | Entered a bailey
 10584 | Bailey   | Found an iron altar of Okawaru.
 10590 | Bailey   | Reached *** piety under Makhleb
 11167 | D:11     | Found a staircase to the Orcish Mines.
 11178 | D:11     | Reached skill level 8 in Invocations
 11186 | D:11     | Reached **** piety under Makhleb
 11200 | D:11     | Reached skill level 9 in Armour
 11255 | D:11     | Noticed a seven-headed hydra
 11311 | D:11     | Noticed a manticore
 11315 | D:11     | Gained mutation: You are weak. (Str -2) [potion of mutation]
 11315 | D:11     | Gained mutation: You are agile. (Dex +2) [potion of mutation]
 11319 | D:11     | HP: 9/97 [seven-headed hydra (1)]
 11320 | D:11     | HP: 4/145 [seven-headed hydra (10)]
 11323 | D:11     | Slain by a seven-headed hydra

Vanquished Creatures
  A hydra (D:8)
  A two-headed ogre (D:9)
  The ghost of Fingolfin the Destroyer, a novice NaWz of Sif Muna (D:8)
  The ghost of ThereIsNoGod the Digger, a novice SpEE of Sif Muna (D:7)
  A centaur zombie (D:6)
  A gargoyle (D:10)
  A kobold demonologist (Bailey)
  Grinder (D:4)
  A troll (D:11)
  A wyvern (D:8)
  Sigmund (D:4)
  2 hungry ghosts (D:11)
  A sky beast (D:8)
  A black bear (D:8)
  11 orc warriors
  An ice beast (D:9)
  2 necrophages
  An eye of draining (D:9)
  A phantom (D:6)
  7 ogres
  A centaur (D:8)
  A crocodile (D:9)
  7 bullfrogs
  A big kobold (D:8)
  2 scorpions
  2 wyvern skeletons
  9 killer bees
  7 wights
  4 troll zombies (D:11)
  2 electric eels (Bailey)
  2 crimson imps (D:5)
  A quasit (D:10)
  3 centaur skeletons
  4 jellies (D:5)
  7 orc wizards
  7 orc priests
  2 hounds
  6 iguanas
  8 worker ants
  Natasha (D:4)
  3 ogre zombies (D:11)
  A hound zombie (D:6)
  A worker ant zombie (D:6)
  12 gnolls
  A howler monkey skeleton (D:4)
  11 adders
  2 shadow imps
  2 oozes (D:2)
  An adder skeleton (D:7)
  6 worms
  3 dart slugs
  6 leopard geckos
  45 orcs
  3 ball pythons
  5 bats
  13 giant cockroaches
  2 gnoll zombies (D:2)
  14 goblins
  18 hobgoblins
  2 jackals (D:8)
  3 quokkas
  7 frilled lizards
  4 goblin zombies (D:11)
  A hobgoblin skeleton (D:11)
  2 hobgoblin zombies (D:11)
  8 kobolds
  4 orc skeletons (D:11)
  14 orc zombies (D:11)
  10 rats
319 creatures vanquished.

Vanquished Creatures (collateral kills)
  A kobold demonologist (Bailey)
  A centaur (D:11)
  2 bullfrogs (D:11)
  A quokka (D:11)
5 creatures vanquished.

Vanquished Creatures (others)
  2 plants (D:5)
2 creatures vanquished.

Grand Total: 326 creatures vanquished
